 Dungeon Crawl Stone Soup version 0.29-a0-284-gf9362112df (webtiles) character file.

Game seed: 9406001940906449317

12814 14bogn the Destroyer (level 11, -10/83 HPs)
             Began as a Gnoll Conjurer on Mar 15, 2022.
             Was a Priest of Vehumet.
             Mangled by a cane toad (19 damage)
             ... on level 3 of the Lair of Beasts on Jan 1, 2024.
             The game lasted 01:03:38 (16782 turns).

14bogn the Destroyer (Gnoll Conjurer)              Turns: 16782, Time: 01:03:39

Health: -10/83     AC: 12    Str:  8    XL:     11   Next: 99%
Magic:  23/23      EV: 15    Int: 27    God:    Vehumet [***...]
Gold:   652        SH:  5    Dex: 17    Spells: 20/27 levels left

rFire   x . .      SeeInvis +   a - +2 mace of Subterfuge {protect, Int+4}
rCold   . . .      Faith    .   (no shield)
rNeg    . . .      Spirit   .   y - +0 acid dragon scales
rPois   +          Reflect  +   N - +0 helmet
rElec   .          Harm     .   u - scarf {repulsion}
rCorr   +          Rampage  .   O - +1 pair of gloves
Will    .....                   m - +0 pair of boots
Stlth   ++++......              x - amulet of reflection
HPRegen 0.23/turn               J - ring of wizardry
MPRegen 0.18/turn               C - ring "Etonn" {rPois rF- Int+3 Dex+6 SInv}

@: lethally poisoned (-10 -> -11), repel missiles
A: fangs 1, strong nose, distributed training
a: Renounce Religion


You were on level 3 of the Lair of Beasts.
You worshipped Vehumet.
Vehumet was most pleased with you.
You visited 3 branches of the dungeon, and saw 13 of its levels.

You collected 712 gold pieces.
You spent 60 gold pieces at shops.

Inventory:

Hand Weapons
 a - the +2 mace of Subterfuge (weapon) {protect, Int+4}
   (You found it on level 2 of the Dungeon)

   It grants its wielder temporary protection when it strikes (+7 to AC).
   Int:       It affects your intelligence (+4).
 b - a +0 hand crossbow
Missiles
 e - 8 atropa-tipped darts
 E - a throwing net
 F - 266 stones
Armour
 i - a +0 cloak
 m - a +0 pair of boots (worn)
 q - a +0 robe
 u - a scarf of repulsion (worn)
 y - +0 acid dragon scales (worn)
 N - a +0 helmet (worn)
 O - a +1 pair of gloves (worn)
Jewellery
 c - a +6 ring of dexterity
 n - a ring of protection from cold
 o - an amulet of regeneration
 x - an amulet of reflection (around neck)
 C - the ring "Etonn" (right hand) {rPois rF- Int+3 Dex+6 SInv}
   (You found it on level 6 of the Dungeon)

   [ring of dexterity]

   Int:       It affects your intelligence (+3).
   Dex:       It affects your dexterity (+6).
   rF:        It makes you vulnerable to fire.
   rPois:     It protects you from poison.
   SInv:      It lets you see invisible.
 D - a ring of positive energy
 J - a ring of wizardry (left hand)
 M - a +6 ring of strength
 P - a +6 ring of strength
Wands
 v - a wand of polymorph (12)
Scrolls
 d - 4 scrolls of amnesia
 f - a scroll of silence
 g - a scroll of identify
 h - a scroll of torment {unknown}
 j - 7 scrolls of teleportation {unknown}
 k - 2 scrolls of noise
 l - 3 scrolls of magic mapping {unknown}
 p - a scroll of fog {unknown}
 r - 4 scrolls of fear {unknown}
 B - a scroll of enchant weapon {unknown}
 G - 2 scrolls of enchant armour {unknown}
 H - 3 scrolls of immolation {unknown}
Potions
 s - a potion of might
 t - 2 potions of flight
 z - a potion of invisibility
 A - 7 potions of curing
 I - a potion of lignification
 K - 2 potions of brilliance
 L - a potion of heal wounds
 Q - a potion of degeneration {unknown}
 R - a potion of resistance {unknown}
 S - 2 potions of magic


   Skills:
 + Level 6.8 Fighting
 + Level 6.8 Short Blades
 + Level 6.8 Long Blades
 + Level 6.8 Axes
 + Level 6.8 Maces & Flails
 + Level 6.8 Polearms
 + Level 6.8 Staves
 + Level 6.8 Slings
 + Level 6.8 Bows
 + Level 6.8 Crossbows
 + Level 6.8 Throwing
 + Level 6.8 Armour
 + Level 8.3 Dodging
 + Level 8.1 Stealth
 + Level 6.8 Shields
 + Level 6.8 Unarmed Combat
 + Level 8.5 Spellcasting
 + Level 9.2 Conjurations
 + Level 5.6 Hexes
 + Level 5.6 Summonings
 + Level 5.6 Necromancy
 + Level 5.6 Translocations
 + Level 5.6 Transmutations
 + Level 5.6 Fire Magic
 + Level 5.6 Ice Magic
 + Level 5.6 Air Magic
 + Level 5.6 Earth Magic
 + Level 5.6 Poison Magic
 + Level 7.4 Invocations
 + Level 6.8 Evocations


You had 20 spell levels left.
You knew the following spells:

 Your Spells              Type           Power      Damage    Failure   Level
a - Magic Dart            Conj           100%       1d8       1%          1
b - Searing Ray           Conj           100%       2d8       1%          2
c - Sandblast             Erth           84%        2d18      1%          1
d - Frozen Ramparts       Ice            84%        1d10      1%          3

Your spell library contained the following spells:

 Spells                   Type           Power      Damage    Failure   Level
 Foxfire                  Conj/Fire      100%       2x1d9     1%          1
 Conjure Flame            Conj/Fire      51%        6-21      1%          3
 Dazzling Flash           Conj/Hex       100%       N/A       1%          3
 Inner Flame              Hex/Fire       42%        N/A       1%          3
 Tukima's Dance           Hex            42%        N/A       1%          3
 Airstrike                Air            21%        N/A       1%          4
 Flame Wave               Conj/Fire      51%        2d10      1%          4
 Fulminant Prism          Conj/Hex       25%        3d14      1%          4
 Iskenderun's Mystic Bla  Conj/Tloc      51%        2d11      1%          4
 Lightning Bolt           Conj/Air       25%        1d41      1%          5
 Anguish                  Hex/Necr       21%        N/A       3%          4
 Ice Form                 Ice/Tmut       42%        N/A       3%          4
 Summon Ice Beast         Ice/Summ       42%        N/A       3%          4
 Summon Lightning Spire   Summ/Air       42%        N/A       3%          4
 Enfeeble                 Hex            21%        N/A       92%         7


Dungeon Overview and Level Annotations

Branches:
Dungeon (9/15)             Temple (1/1) D:5            Lair (3/6) D:8
  Swamp: Lair:2-4    Shoals: Lair:2-4     Snake: Lair:2-4    Spider: Lair:2-4
    Orc: D:9-12

Altars:
Ashenzari
Cheibriados
Dithmenos
Fedhas
Gozag
Hepliaklqana
Kikubaaqudgha
Makhleb
Nemelex Xobeh
Okawaru
Qazlal
Ru
Trog
Uskayaw
Vehumet
Wu Jian
Xom
Yredelemnul
Zin
The Shining One

Shops:
D:5 ?   D:9 (

Annotations:
D:5 mrw0lf's ghost, amateur GnGl
D:9 Harold


Innate Abilities, Weirdness & Mutations

You have very sharp teeth.
Your uncanny sense of smell can sniff out nearby items.
Your experience applies equally to all skills.


Message History

A cane toad is nearby!
A cane toad is nearby!
A cane toad is nearby!
The cane toad stings you but does no damage.
The cane toad misses you. The cane toad stings you!
You are poisoned.
The cane toad poisons you! The cane toad closely misses you.
You feel very sick. The cane toad misses you.
You feel very sick. The cane toad barely misses you.
A cane toad is nearby!
A cane toad is nearby!
You hit the cane toad but do no damage.
Your weapon exudes an aura of protection.
Your bite misses the cane toad.
The cane toad is lightly wounded.
You feel very sick. The cane toad stings you!
You hit the cane toad.
The cane toad is moderately wounded.
You feel very sick. The cane toad misses you. You block the cane toad's attack.
You closely miss the cane toad. Your bite misses the cane toad.
The cane toad is moderately wounded.
You feel sick. The cane toad misses you.
You hit the cane toad but do no damage.
You punch the cane toad, but do no damage.
The cane toad is moderately wounded.
You feel sick. You block the cane toad's attack.
The cane toad attacks as you move away! The cane toad misses you.
You feel sick. The cane toad attacks as you move away!
The cane toad stings you but does no damage.
You feel sick. The cane toad stings you!
* * * LOW HITPOINT WARNING * * *
You feel sick.
You feel sick. The cane toad stings you!!
You die...

.........## ###### ∆
.†...##..# #..#####.#
#..### #..# #### #....#
...# ..## #..###.#...#..
...## ...# #...#..# ###
#...## #..# #..##.#
#.###..#.#### #..# #..#..#
#@...........
#..#####...#.#
#.F..........
#...#.##..#..#
#..##..##.#..
.............###..#........
#...#.........††..#..#.###
# #..#...#.###.##..###.###
#.#...##..######## #.#
...#P..#.## ..# .......#.#
..#


You could see a cane toad.

Vanquished Creatures
  A hydra (Lair:2)
  Pikel (D:4)
  A torpor snail (Lair:2)
  3 black mambas (Lair:1)
  2 komodo dragons (Lair:2)
  A rime drake (Lair:2)
  4 cane toads
  4 blink frogs (Lair:3)
  Sigmund (D:6)
  12 yaks
  A wyvern (Lair:1)
  Eustachio (D:4)
  A basilisk (Lair:2)
  Grum (D:9)
  A steam dragon (D:6)
  2 acid dragons
  3 water moccasins
  3 black bears
  A sky beast (D:4)
  An orc warrior (D:8)
  3 ice beasts
  4 wolves (D:9)
  5 centaurs
  4 lemures (D:4)
  3 kobold brigands
  4 scorpions
  6 bullfrogs
  A necrophage (D:7)
  A gnoll sergeant (D:7)
  3 wights (D:6)
  15 killer bees
  4 howler monkeys
  4 hounds
  3 gnoll shamans
  4 orc priests
  4 iguanas
  An iron imp (D:4)
  Jessica (D:2)
  8 orc wizards
  2 hell rats (Lair:3)
  Terence (D:2)
  25 gnolls
  9 river rats (Lair:3)
  7 adders
  5 shadow imps
  A white imp (D:8)
  2 worms
  2 dart slugs (D:1)
  18 orcs
  5 bats
  13 endoplasms
  4 giant cockroaches
  7 goblins
  8 hobgoblins
  15 jackals
  18 kobolds
  2 quokkas
  3 ball pythons
  3 frilled lizards
  4 rats
277 creatures vanquished.

Vanquished Creatures (others)
  6 fungi (Lair:3)
  12 plants
18 creatures vanquished.

Grand Total: 295 creatures vanquished

Notes
Turn   | Place    | Note
-------+----------+-------------------------------------------
     0 | D:1      | 14bogn the Gnoll Conjurer began the quest for the Orb.
     0 | D:1      | Reached XP level 1. HP: 13/13 MP: 6/6
   155 | D:1      | Reached XP level 2. HP: 7/19 MP: 5/7
   630 | D:1      | Reached XP level 3. HP: 25/25 MP: 6/9
   689 | D:1      | Reached skill level 5 in Spellcasting
   863 | D:1      | Learned a level 2 spell: Searing Ray
   873 | D:1      | Reached skill level 1 in Invocations
  1449 | D:2      | Reached skill level 1 in Fighting
  1449 | D:2      | Reached skill level 1 in Short Blades
  1449 | D:2      | Reached skill level 1 in Long Blades
  1449 | D:2      | Reached skill level 1 in Axes
  1449 | D:2      | Reached skill level 1 in Maces & Flails
  1449 | D:2      | Reached skill level 1 in Polearms
  1449 | D:2      | Reached skill level 1 in Staves
  1449 | D:2      | Reached skill level 1 in Slings
  1449 | D:2      | Reached skill level 1 in Bows
  1449 | D:2      | Reached skill level 1 in Crossbows
  1449 | D:2      | Reached skill level 1 in Throwing
  1449 | D:2      | Reached skill level 1 in Armour
  1449 | D:2      | Reached skill level 1 in Shields
  1449 | D:2      | Reached skill level 1 in Unarmed Combat
  1449 | D:2      | Reached skill level 1 in Evocations
  1449 | D:2      | Reached XP level 4. HP: 32/32 MP: 7/11
  1615 | D:2      | Identified the +2 mace of Subterfuge {protect, Int+4}
  1655 | D:2      | Noticed Jessica
  1660 | D:2      | Killed Jessica
  1661 | D:2      | Reached skill level 1 in Hexes
  1661 | D:2      | Reached skill level 1 in Summonings
  1661 | D:2      | Reached skill level 1 in Necromancy
  1661 | D:2      | Reached skill level 1 in Translocations
  1661 | D:2      | Reached skill level 1 in Transmutations
  1661 | D:2      | Reached skill level 1 in Fire Magic
  1661 | D:2      | Reached skill level 1 in Ice Magic
  1661 | D:2      | Reached skill level 1 in Air Magic
  1661 | D:2      | Reached skill level 1 in Earth Magic
  1661 | D:2      | Reached skill level 1 in Poison Magic
  1713 | D:2      | Reached XP level 5. HP: 37/37 MP: 7/12
  1944 | D:2      | Found a faded altar of an unknown god.
  1948 | D:2      | Noticed Terence
  1979 | D:2      | Killed Terence
  2361 | D:3      | Found a transporter.
  2420 | D:3      | Found a glowing golden altar of the Shining One.
  2450 | D:3      | You fall into a shaft and drop 1 floor!
  2450 | D:4      | Found a snail-covered altar of Cheibriados.
  2459 | D:4      | Noticed a lemure
  2712 | D:3      | Found a transporter.
  2792 | D:3      | Found a glowing silver altar of Zin.
  2795 | D:3      | Found a stormy altar of Qazlal.
  2795 | D:3      | Found an ancient bone altar of Kikubaaqudgha.
  3005 | D:3      | Found a bloodstained altar of Trog.
  3012 | D:3      | Found a sparkling altar of Nemelex Xobeh.
  3137 | D:3      | Reached XP level 6. HP: 43/44 MP: 9/13
  3334 | D:4      | Reached skill level 5 in Dodging
  3658 | D:4      | Noticed an acid dragon
  3991 | D:4      | Noticed a sky beast
  4066 | D:4      | Killed a sky beast
  4067 | D:4      | Reached XP level 7. HP: 41/50 MP: 4/15
  4416 | D:4      | Found a blossoming altar of Fedhas.
  4502 | D:4      | Noticed Pikel
  4809 | D:4      | Killed Pikel
  4810 | D:4      | Reached skill level 5 in Stealth
  4810 | D:4      | Reached XP level 8. HP: 39/58 MP: 1/16
  5020 | D:4      | Noticed Eustachio
  5037 | D:4      | Killed Eustachio
  5558 | D:5      | Entered Level 5 of the Dungeon
  5718 | D:5      | Found a transporter.
  5719 | D:5      | Found a transporter.
  6030 | D:5      | Found Kenuoghu's Magic Scroll Shoppe.
  6031 | D:5      | Found a staircase to the Ecumenical Temple.
  6040 | Temple   | Entered the Ecumenical Temple
  6243 | Temple   | Became a worshipper of Vehumet
  6346 | D:5      | Bought a scroll of identify for 24 gold pieces
  6346 | D:5      | Bought a scroll of noise for 12 gold pieces
  6346 | D:5      | Bought a scroll of identify for 24 gold pieces
  6552 | D:5      | Identified the +0 spear of a treasure trove {elec, +Blink}
  6568 | D:5      | Identified the amulet "Meshiemn" {Faith Regen+ rCorr Int+5}
  6590 | D:5      | Noticed mrw0lf's ghost (amateur GnGl)
  6904 | D:5      | Reached XP level 9. HP: 54/65 MP: 12/18
  7009 | D:6      | Noticed Sigmund
  7015 | D:6      | Killed Sigmund
  7189 | D:6      | Reached skill level 8 in Conjurations
  7296 | D:6      | Identified the ring "Etonn" {rPois rF- Int+3 Dex+6 SInv}
  7934 | D:6      | Reached skill level 5 in Invocations
  8759 | D:7      | Reached * piety under Vehumet
  8759 | D:7      | Offered knowledge of Sandblast by Vehumet.
  8769 | D:6      | Learned a level 1 spell: Sandblast
  9462 | D:7      | Reached XP level 10. HP: 73/73 MP: 11/20
 10081 | D:7      | Found a broken altar of Ashenzari.
 10204 | D:8      | Reached skill level 5 in Fighting
 10204 | D:8      | Reached skill level 5 in Short Blades
 10204 | D:8      | Reached skill level 5 in Long Blades
 10204 | D:8      | Reached skill level 5 in Axes
 10204 | D:8      | Reached skill level 5 in Maces & Flails
 10204 | D:8      | Reached skill level 5 in Polearms
 10204 | D:8      | Reached skill level 5 in Staves
 10204 | D:8      | Reached skill level 5 in Slings
 10204 | D:8      | Reached skill level 5 in Bows
 10204 | D:8      | Reached skill level 5 in Crossbows
 10204 | D:8      | Reached skill level 5 in Throwing
 10204 | D:8      | Reached skill level 5 in Armour
 10204 | D:8      | Reached skill level 5 in Shields
 10204 | D:8      | Reached skill level 5 in Unarmed Combat
 10204 | D:8      | Reached skill level 5 in Evocations
 10918 | D:8      | Found a staircase to the Lair.
 11015 | D:8      | Offered knowledge of Shock by Vehumet.
 11180 | D:9      | Reached ** piety under Vehumet
 11503 | D:9      | Found Tob Zani's Antique Weapon Shoppe.
 12331 | D:9      | Noticed Grum
 12349 | D:9      | Killed Grum
 12572 | D:9      | Noticed Harold
 13107 | Lair:1   | Entered Level 1 of the Lair of Beasts
 13118 | Lair:1   | Noticed a cane toad
 13124 | Lair:1   | Reached XP level 11. HP: 60/81 MP: 15/22
 13508 | Lair:1   | Reached skill level 5 in Hexes
 13508 | Lair:1   | Reached skill level 5 in Summonings
 13508 | Lair:1   | Reached skill level 5 in Necromancy
 13508 | Lair:1   | Reached skill level 5 in Translocations
 13508 | Lair:1   | Reached skill level 5 in Transmutations
 13508 | Lair:1   | Reached skill level 5 in Fire Magic
 13508 | Lair:1   | Reached skill level 5 in Ice Magic
 13508 | Lair:1   | Reached skill level 5 in Air Magic
 13508 | Lair:1   | Reached skill level 5 in Earth Magic
 13508 | Lair:1   | Reached skill level 5 in Poison Magic
 14470 | Lair:2   | Noticed a five-headed hydra
 15191 | Lair:2   | Killed a five-headed hydra
 15192 | Lair:2   | Reached skill level 9 in Conjurations
 15442 | Lair:2   | HP: 3/83 [komodo dragon (9)]
 16357 | Lair:3   | Offered knowledge of Frozen Ramparts by Vehumet.
 16409 | Lair:3   | Learned a level 3 spell: Frozen Ramparts
 16562 | Lair:3   | Reached *** piety under Vehumet
 16782 | Lair:3   | Mangled by a cane toad

Illustrated notes

Levels and vault maps discovered:
D:1:      elethiomel_arrival_infinity_welcomes_careful_drivers, layout_rooms,
          minmay_hexomino_c4
D:2:      layout_rooms, ebering_ecumenical_altar_webs,
          small_statue_intersection, uniq_jessica, uniq_terence
D:3:      gammafunk_wand_slinger, layout_rooms, amethyst_overflow_temple_binary,
          grunt_temple_overflow_open, minmay_fractal_squares_gapless_5
D:4:      layout_basic, fedhas_ov_isle_minmay, slow_altar_1, uniq_eustachio,
          uniq_pikel
D:5:      layout_rooms, minmay_temple_entry_grid, gammafunk_ghost_gnarly_gnolls,
          serial_shops, shop, chequers_serial_rivers_small_a
D:6:      layout_basic, grunt_ministairs_7, uniq_sigmund
D:7:      layout_basic, ashenzari_altar_1, corexii_hall_statues_u
D:8:      layout_loops_cross, lair_entry_dummy
D:9:      layout_basic, serial_shops, nicolae_shop_behind_doors,
          minmay_quadrilaterals, uniq_harold, uniq_grum
Temple:   minmay_temple_curvy_loop
Lair:1:   layout_regular_city
Lair:2:   layout_misc_corridors, minivault_23, minivault_25, wad_woods_river_03
Lair:3:   layout_loops_ring, gammafunk_ghost_hive, kennysheep_rathole,
          serial_bayou_shore_b

Skill      XL: |  1  2  3  4  5  6  7  8  9 10 11 |
---------------+----------------------------------+-----
Spellcasting   | 5 6 7 8 |  8.5
Invocations    | 1 2 3 4 5 6 7 |  7.4
Fighting       | 1 2 3 4 5 6 |  6.8
Short Blades   | 1 2 3 4 5 6 |  6.8
Long Blades    | 1 2 3 4 5 6 |  6.8
Axes           | 1 2 3 4 5 6 |  6.8
Maces & Flails | 1 2 3 4 5 6 |  6.8
Polearms       | 1 2 3 4 5 6 |  6.8
Staves         | 1 2 3 4 5 6 |  6.8
Slings         | 1 2 3 4 5 6 |  6.8
Bows           | 1 2 3 4 5 6 |  6.8
Crossbows      | 1 2 3 4 5 6 |  6.8
Throwing       | 1 2 3 4 5 6 |  6.8
Armour         | 1 2 3 4 5 6 |  6.8
Shields        | 1 2 3 4 5 6 |  6.8
Unarmed Combat | 1 2 3 4 5 6 |  6.8
Evocations     | 1 2 3 4 5 6 |  6.8
Hexes          | 1 2 3 4 5 |  5.6
Summonings     | 1 2 3 4 5 |  5.6
Necromancy     | 1 2 3 4 5 |  5.6
Translocations | 1 2 3 4 5 |  5.6
Transmutations | 1 2 3 4 5 |  5.6
Fire Magic     | 1 2 3 4 5 |  5.6
Ice Magic      | 1 2 3 4 5 |  5.6
Air Magic      | 1 2 3 4 5 |  5.6
Earth Magic    | 1 2 3 4 5 |  5.6
Poison Magic   | 1 2 3 4 5 |  5.6
Dodging        | 5 6 7 8 |  8.3
Stealth        | 5 6 7 8 |  8.1
Conjurations   | 8 9 |  9.2

Action                   |  1- 3 |  4- 6 |  7- 9 | 10-12 || total
-------------------------+-------+-------+-------+-------++-------
Melee: Dagger            |     1 |       |       |       ||     1
       Mace              |       |     5 |       |    20 ||    25
       Bite              |       |       |       |     5 ||     5
       Punch             |       |       |       |     3 ||     3
 Fire: Hand crossbow     |       |       |       |    17 ||    17
 Cast: Magic Dart        |    70 |    62 |   126 |   101 ||   359
       Searing Ray       |     2 |    23 |    61 |    85 ||   171
       Sandblast         |       |       |     4 |    61 ||    65
       Frozen Ramparts   |       |       |       |     3 ||     3
  Use: Potion            |       |     3 |       |     1 ||     4
       Scroll            |       |       |     3 |     5 ||     8
Armor: Robe              |     3 |       |       |       ||     3
       Ring mail         |     1 |     7 |     1 |       ||     9
       Skin              |       |     1 |       |       ||     1
       Acid dragon scale |       |       |    17 |    67 ||    84
Dodge: Dodged            |     5 |     9 |    44 |   188 ||   246
       Repelled          |       |       |     1 |     2 ||     3
Block: Other             |       |       |    15 |    60 ||    75
       Reflection        |       |       |     2 |     3 ||     5

Table legend: (Time is in decaauts)
 A = Elapsed time spent in this place.
 B = Non-inter-level travel time spent in this place.
 C = Inter-level travel time spent in this place.
 D = Time resting spent in this place.
 E = Time spent auto-exploring this place.
 F = Levels seen in this place.
 G = Mean time per level.
                   A        B        C        D        E       F      G
               +--------+--------+--------+--------+--------+-----+--------+
         Total |  16804 |  15912 |    892 |   7664 |   5678 |  13 | 1292.6 |
       Dungeon |  13099 |  12331 |    768 |   6131 |   4164 |   9 | 1455.4 |
        Temple |    232 |    194 |     38 |      0 |    188 |   1 |  232.0 |
          Lair |   3472 |   3386 |     86 |   1533 |   1326 |   3 | 1157.3 |
               +--------+--------+--------+--------+--------+-----+--------+

Top non-repeatable levels by time:
     D:4: 2482 daAuts
     D:8: 2208 daAuts
  Lair:2: 1797 daAuts
     D:6: 1513 daAuts
     D:1: 1415 daAuts
     D:5: 1243 daAuts
     D:7: 1217 daAuts
  Lair:1: 1207 daAuts
     D:2: 1069 daAuts
     D:3: 1011 daAuts
     D:9: 936 daAuts
  Lair:3: 467 daAuts
  Temple: 232 daAuts
